 Dungeon Crawl Stone Soup version 0.25-a0-860-gf695395b5c (webtiles) character file.

Game seed: 1391996997452645087, levelgen mode: deterministic

31 Maedhros the Charlatan (level 3, -1/23 HPs)
             Began as an Octopode Artificer on Apr 27, 2020.
             Was an Initiate of Cheibriados.
             Slain by a gnoll
             ... wielding a cursed -1 spear
              (6 damage)
             ... on level 3 of the Dungeon.
             The game lasted 00:01:37 (327 turns).

Maedhros the Charlatan (Octopode Artificer)          Turns: 327, Time: 00:01:37

Health: -1/23      AC:  1    Str: 12    XL:     3   Next: 22%
Magic:  5/5        EV: 13    Int: 14    God:    Cheibriados [......]
Gold:   62         SH:  0    Dex: 14    Spells: 1/2 levels left

rFire    . . .     SeeInvis .   a - +0 short sword
rCold    . . .     Gourm    .   (no shield)
rNeg     . . .     Faith    .   (helmet restricted)
rPois    .         Spirit   .   (no amulet)
rElec    .         Reflect  .   (no ring)
rCorr    .         Harm     .   (no ring)
MR       .....                  (no ring)
Stlth    +++.......             (no ring)
HPRegen  0.07/turn              (no ring)
MPRegen  0.09/turn              (no ring)
                                (no ring)
                                (no ring)

@: very slow
A: almost no armour, stealthy swim, amphibious, 8 rings, constrict 8, camouflage
1, gelatinous body 1
a: Bend Time, Renounce Religion


You were on level 3 of the Dungeon.
You worshipped Cheibriados.
Cheibriados was noncommittal.
You were not hungry.

You visited 1 branch of the dungeon, and saw 3 of its levels.

You collected 62 gold pieces.

Inventory:

Hand Weapons
 a - a +0 short sword (weapon)
 l - a +0 hunting sling
Missiles
 m - 20 stones (quivered)
Wands
 b - a wand of flame (15)
 c - a wand of enslavement (15)
 d - a wand of random effects (15)
Scrolls
 g - 4 scrolls of identify {unknown}
 h - 3 scrolls of fear {unknown}
 j - a scroll of teleportation {unknown}
 k - a scroll of fog {unknown}
 n - 3 scrolls of immolation {unknown}
Potions
 e - a potion of degeneration {unknown}
 i - 2 potions of might {unknown}
 o - 2 potions of magic {unknown}
Comestibles
 f - a ration
 p - 2 chunks of flesh


   Skills:
 - Level 1.0 Fighting
 - Level 1.0 Short Blades
 - Level 2.0 Dodging
 + Level 2.5 Stealth
 + Level 1.4 Unarmed Combat
 * Level 0.3 Transmutations
 + Level 3.7 Evocations


You had one spell level left.
You knew the following spells:

 Your Spells              Type           Power        Failure   Level  Hunger
a - Beastly Appendage     Tmut           #.....       26%         1    ##.....

Your spell library contained the following spells:

 Spells                   Type           Power        Failure   Level  Hunger
 Sticks to Snakes         Tmut           #.......     36%         2    ###....
 Spider Form              Tmut/Pois      #.........   63%         3    ####...
 Ice Form                 Ice/Tmut       #.......     95%         4    #####..
 Blade Hands              Tmut           #.........   100%        5    ######.


Dungeon Overview and Level Annotations

Branches:
Dungeon (3/15)

Altars:
Cheibriados


Innate Abilities, Weirdness & Mutations

You cannot wear most types of armour.
You are very stealthy in the water. (Stealth+)
You are amphibious.
You can wear up to eight rings at the same time.
You can use your tentacles to constrict eight enemies at once.
Your skin changes colour to match your surroundings (Stealth+).
Your rubbery body absorbs attacks. (AC +1, EV +1)


Message History

p - 2 chunks of flesh
Things that are here:
a +0 club; a hobgoblin skeleton
Found a stone staircase leading down.
There is a stone staircase leading down here.
Found a lumpy amethyst potion.
A gnoll comes into view. It is wielding a -1 spear.
The gnoll shouts!
A gnoll comes into view. It is wielding a +0 flail.
A gnoll comes into view.
A worm comes into view.
The gnoll hits you with a cursed -1 spear!
Ouch! That really hurt!
* * * LOW HITPOINT WARNING * * *
You closely miss the gnoll.
The gnoll shouts! x2
You grab the gnoll.
You constrict the gnoll, but do no damage.
The gnoll hits you with a cursed -1 spear.
You die...

..
#.#
#.
#>#
#.#
#.#
#.#
#.#
#.#
#.#
#@#
#g#
#..
##!#
..


g.g ... w... You could see a worm and 3 gnolls.

Vanquished Creatures
  5 dart slugs
  A leopard gecko (D:1)
  A bat (D:3)
  A hobgoblin (D:3)
  A quokka (D:2)
  2 frilled lizards (D:2)
  3 goblins
  4 kobolds
  2 rats (D:2)
20 creatures vanquished.

Notes
Turn   | Place    | Note
-------+----------+-------------------------------------------
     0 | D:1      | Maedhros the Octopode Artificer began the quest for the
                  | Orb.
     0 | D:1      | Reached XP level 1. HP: 13/13 MP: 3/3
    88 | D:2      | Reached XP level 2. HP: 17/18 MP: 4/4
   151 | D:2      | Reached skill level 1 in Unarmed Combat
   219 | D:2      | Reached XP level 3. HP: 7/23 MP: 5/5
   229 | D:3      | Found a snail-covered altar of Cheibriados.
   233 | D:3      | Learned a level 1 spell: Beastly Appendage
   238 | D:3      | Became a worshipper of Cheibriados the Contemplative
   327 | D:3      | Slain by a gnoll

Levels and vault maps discovered:
D:1:      psy_arrival_radial02, layout_basic
D:2:      layout_rooms, chequers_ecumenical_altar_simple_redux,
          grunt_decor_one_mirror, minmay_misc_feat_alley, uniq_robin
D:3:      layout_rooms, cheibriados_altar_1, grunt_temple_overflow_open,
          first_ration, st_stairs_6, minivault_25

Skill      XL: |  1  2 |
---------------+-------+-----
Stealth        | 2 |  2.5
Unarmed Combat | 1 |  1.4
Fighting       | |  1.0
Short Blades   | |  1.0
Dodging        | |  2.0
Transmutations | |  0.3
Evocations     | |  3.7

Action                   || total
-------------------------++-------
Melee: Short sword       ||    42
       Constrict         ||    13
       Tentacles         ||     6
 Stab: Sleeping          ||     6
Armor: Skin              ||     3
Dodge: Dodged            ||    26

Table legend:
 A = Non-vault XP
 B = Vault XP
 C = Vault XP percentage of total XP
 D = Non-vault monster count
 E = Vault monster count
 F = Vault count percentage of total count
                 A         B        C        D         E       F
            +---------+---------+-------+---------+---------+-------
      Total |      45 |       0 |   0.0 |      20 |       0 |   0.0
            +---------+---------+-------+---------+---------+-------
        D:1 |       8 |       0 |   0.0 |       3 |       0 |   0.0
        D:2 |      27 |       0 |   0.0 |      13 |       0 |   0.0
        D:3 |      10 |       0 |   0.0 |       4 |       0 |   0.0
            +---------+---------+-------+---------+---------+-------
